 Dungeon Crawl Stone Soup version 0.25-a0-424-g80bd347ae0 (webtiles) character file.

Game seed: 11304952273623249942, levelgen mode: deterministic

1057 ChaosChampion the Sneak (level 8, -1/52 HPs)
             Began as an Octopode Transmuter on Jan 23, 2020.
             Killed by nerve-wracking pain
             ... invoked by an orc priest
              (11 damage)
             ... on level 6 of the Dungeon.
             The game lasted 00:16:11 (5194 turns).

ChaosChampion the Sneak (Octopode Transmuter)       Turns: 5194, Time: 00:16:13

Health: -1/52      AC:  2    Str:  9    XL:     8   Next: 27%
Magic:  2/13       EV: 24    Int: 18    God:
Gold:   238        SH:  0    Dex: 17    Spells: 7/13 levels left

rFire    + . .     SeeInvis .     - Unarmed
rCold    . . .     Gourm    .   (shield currently unavailable)
rNeg     . . .     Faith    +   (helmet currently unavailable)
rPois    x         Spirit   .   s - amulet of faith
rElec    .         Reflect  .   b - +3 ring of evasion
rCorr    .         Harm     .   m - ring of protection from cold
MR       .....                  p - ring of fire
Stlth    +++.......             (no ring)
HPRegen  0.17/turn              (no ring)
MPRegen  0.13/turn              (no ring)
                                (no ring)
                                (no ring)

@: spider-form, hasted, very quick
A: tiny, almost no armour, stealthy swim, (amphibious), 8 rings, (constrict 8)
a: End Transformation


You were on level 6 of the Dungeon.
You were not hungry.
You were a venomous arachnid creature.
You visited 1 branch of the dungeon, and saw 6 of its levels.
You also visited: Sewer.

You collected 238 gold pieces.

Inventory:

Hand Weapons
 g - a +1 dagger of speed
Missiles
 a - 81 arrows
 k - 21 poisoned darts (quivered)
 x - 10 boomerangs
Jewellery
 b - a +3 ring of evasion (left front leg)
 m - a ring of protection from cold (right front leg)
 p - a ring of fire (on tentacle)
 s - an amulet of faith (around neck)
Wands
 f - a wand of iceblast (4)
 r - a wand of digging (10)
 z - a wand of paralysis (9)
Scrolls
 d - 3 scrolls of teleportation
 e - 4 scrolls of magic mapping
 i - a scroll of enchant armour
 q - a scroll of blinking
 y - a scroll of random uselessness {unknown}
Potions
 h - a potion of agility
 j - 2 potions of ambrosia
 l - a potion of lignification
 o - a potion of resistance
 t - a potion of magic {unknown}
 u - a potion of curing {unknown}
 v - a potion of might
Comestibles
 c - 19 rations


   Skills:
 + Level 3.1 Fighting
 + Level 3.4 Dodging
 * Level 5.6 Stealth
 * Level 5.1 Unarmed Combat
 * Level 3.4 Spellcasting
 * Level 4.5 Transmutations
 + Level 3.1 Poison Magic


You had 7 spell levels left.
You knew the following spells:

 Your Spells              Type           Power        Failure   Level  Hunger
a - Beastly Appendage     Tmut           ###...       10%         1    None
b - Sticks to Snakes      Tmut           ###.....     12%         2    ##.....
c - Spider Form           Tmut/Pois      ###.......   24%         3    ###....

Your spell library contained the following spells:

 Spells                   Type           Power        Failure   Level  Hunger
 Ice Form                 Ice/Tmut       ##......     73%         4    ####...
 Blade Hands              Tmut           ###.......   77%         5    ######.


Dungeon Overview and Level Annotations

Branches:
Dungeon (6/15)              Sewer (visited)
 Temple: D:4-7

Altars:
Elyvilon
Fedhas
Gozag
Makhleb
Okawaru
Qazlal
Ru
Sif Muna
Uskayaw
Vehumet
Zin
The Shining One


Innate Abilities, Weirdness & Mutations

You cannot wear most types of armour.
You are very stealthy in the water. (Stealth+)
((You are amphibious.))
You can wear up to eight rings at the same time.
((You can use your tentacles to constrict eight enemies at once.))
((Your skin changes colour to match your surroundings (Stealth+).))
((Your rubbery body absorbs attacks. (AC +1, EV +1)))


Message History

The orc warrior is moderately wounded.
Your adder closely misses the orc warrior.
Your adder bites the orc warrior but does no damage.
The orc warrior hits you with a +2 short sword of electrocution!
* * * LOW HITPOINT WARNING * * *
The orc closely misses your adder.
You feel yourself speed up.
Your adder bites the orc.
The orc dies!
The orc priest completely misses you.
The orc priest hits your adder with a +1 hand axe of electrocution.
The orc warrior misses you.
Your adder closely misses the orc priest.
Your adder closely misses the orc warrior.
You hit the orc priest.
The orc priest is poisoned.
The orc priest is heavily wounded.
Your ball python bites the orc warrior but does no damage.
Your ball python barely misses the orc warrior.
The orc priest invokes the aid of Beogh against you.
Pain shoots through your body!
You die...

.......)########.#
..............'.......(.
..............##.......)
..............##........
...........(##........
...........##........ #'
#.........##..###.(. #.
#Soo......##.##_#8..
##'#####SSs......##.##.'8..
#......#.........# #8_'...
####......#.........# ##.'8.#
#.........#)....^...#####_#8.#
#...#'#....####.........####.#
##...#.#).).####..........###.#
#>.....'....'.............'...#
#....#.#....####..(.......#####
... #.###### ############


You could see an orc warrior, an orc priest, 2 friendly adders and a friendly
ball python.

Vanquished Creatures
  A sky beast (D:5)
  A phantom (D:5)
  2 black bears (D:6)
  A gnoll sergeant (D:6)
  2 crimson imps (D:6)
  A hound (D:4)
  2 orc priests
  2 orc wizards (D:6)
  An iguana (D:3)
  2 worker ants
  9 adders
  3 gnolls (D:6)
  2 shadow imps
  An adder zombie (D:6)
  4 worms
  3 dart slugs (D:3)
  2 leopard geckos (D:3)
  16 orcs
  3 ball pythons (Sewer)
  8 giant cockroaches
  3 goblins
  8 hobgoblins
  15 jackals
  7 kobolds
  2 quokkas
  9 bats
  7 frilled lizards
  A leopard gecko skeleton (D:4)
  4 rats
  3 plants (Sewer)
125 creatures vanquished.

Vanquished Creatures (collateral kills)
  2 ogres (D:4)
  An orc (D:6)
3 creatures vanquished.

Vanquished Creatures (others)
  An orc (D:5)
1 creature vanquished.

Grand Total: 129 creatures vanquished

Notes
Turn   | Place    | Note
-------+----------+-------------------------------------------
     0 | D:1      | ChaosChampion the Octopode Transmuter began the quest for
                  | the Orb.
     0 | D:1      | Reached XP level 1. HP: 13/13 MP: 3/3
   399 | D:1      | Reached XP level 2. HP: 17/18 MP: 5/5
   515 | D:1      | Reached skill level 1 in Stealth
   858 | D:2      | Reached XP level 3. HP: 18/23 MP: 4/6
   866 | D:2      | Found an iron altar of Okawaru.
   867 | D:2      | Found a radiant altar of Vehumet.
   869 | D:2      | Found a blossoming altar of Fedhas.
   869 | D:2      | Found a burning altar of Makhleb.
   871 | D:2      | Found a sacrificial altar of Ru.
   871 | D:2      | Found a stormy altar of Qazlal.
   872 | D:2      | Found an opulent altar of Gozag.
  1041 | D:3      | Learned a level 2 spell: Sticks to Snakes
  1212 | D:3      | Learned a level 3 spell: Spider Form
  1524 | D:3      | Reached XP level 4. HP: 20/28 MP: 0/7
  1557 | D:3      | Found a hide-covered altar of Uskayaw.
  1557 | D:3      | Noticed a +0 dagger
  1557 | D:3      | Noticed a +0 hand axe
  1692 | D:3      | Found a shimmering blue altar of Sif Muna.
  1956 | D:3      | Reached XP level 5. HP: 22/34 MP: 3/8
  2563 | D:4      | Noticed an ogre
  2570 | D:4      | Noticed an ogre
  2584 | D:4      | Killed an ogre
  2599 | D:4      | Killed an ogre
  2599 | D:4      | Reached XP level 6. HP: 39/39 MP: 2/10
  2649 | D:4      | Found a glowing drain.
  2665 | Sewer    | Entered a sewer
  3845 | D:5      | Entered Level 5 of the Dungeon
  3911 | D:5      | Noticed a sky beast
  3927 | D:5      | Killed a sky beast
  3927 | D:5      | Reached skill level 1 in Poison Magic
  3927 | D:5      | Reached XP level 7. HP: 28/45 MP: 6/11
  4482 | D:5      | Found a sand-covered staircase.
  4778 | D:6      | Reached skill level 5 in Stealth
  4792 | D:6      | Found a white marble altar of Elyvilon.
  4792 | D:6      | Found a glowing silver altar of Zin.
  4792 | D:6      | Found a glowing golden altar of the Shining One.
  4812 | D:6      | Reached XP level 8. HP: 48/51 MP: 5/12
  4844 | D:6      | Reached skill level 5 in Unarmed Combat
  5194 | D:6      | Killed from afar by an orc priest

Levels and vault maps discovered:
D:1:      elethiomel_arrival_maze, layout_loops_ring
D:2:      layout_rooms, grunt_temple_overflow_open
D:3:      layout_basic, dancing_weapons_uskayaw, led_sif_pool
D:4:      layout_basic, portal_sewer_entry_e
D:5:      layout_basic, first_ration, enter_ossuary_2, grunt_decor_resistance
D:6:      layout_basic, good_gods_mini_temple

Skill      XL: |  1  2  3  4  5  6  7  8 |
---------------+-------------------------+-----
Stealth        | 1 2 3 4 5 |  5.6
Fighting       | 2 3 |  3.1
Transmutations | 3 4 |  4.5
Unarmed Combat | 4 5 |  5.1
Dodging        | 3 |  3.4
Poison Magic   | 1 2 3 |  3.1
Spellcasting   | 3 |  3.4

Action                   |  1- 3 |  4- 6 |  7- 9 || total
-------------------------+-------+-------+-------++-------
Melee: Unarmed           |    64 |   234 |   117 ||   415
       Constrict         |     9 |    22 |     6 ||    37
       Tentacles         |     5 |    26 |     4 ||    35
       Punch             |     1 |     4 |     2 ||     7
       Kick              |       |    10 |       ||    10
Throw: Dart              |    10 |     6 |     2 ||    18
 Cast: Beastly Appendage |     3 |     5 |       ||     8
       Spider Form       |     4 |    22 |    17 ||    43
       Sticks to Snakes  |     1 |     7 |     7 ||    15
  Use: Scroll            |       |    13 |     2 ||    15
       Potion            |       |       |     4 ||     4
 Stab: Sleeping          |     4 |     6 |     1 ||    11
       Distracted        |     1 |       |       ||     1
  Eat: Chunk             |     2 |     9 |     2 ||    13
       Ration            |       |     1 |     1 ||     2
Armor: Skin              |    10 |     5 |     3 ||    18
Dodge: Dodged            |    46 |   140 |   122 ||   308

Table legend:
 A = Non-vault XP
 B = Vault XP
 C = Vault XP percentage of total XP
 D = Non-vault monster count
 E = Vault monster count
 F = Vault count percentage of total count
                 A         B        C        D         E       F
            +---------+---------+-------+---------+---------+-------
      Total |    1455 |      56 |   3.7 |     100 |      26 |  20.6
            +---------+---------+-------+---------+---------+-------
        D:1 |      16 |       0 |   0.0 |      10 |       0 |   0.0
        D:2 |      24 |       0 |   0.0 |       7 |       0 |   0.0
        D:3 |     157 |       0 |   0.0 |      29 |       0 |   0.0
        D:4 |     230 |      16 |   6.5 |      14 |       8 |  36.4
        D:5 |     387 |       0 |   0.0 |      24 |       0 |   0.0
        D:6 |     641 |       0 |   0.0 |      16 |       0 |   0.0
      Sewer |       0 |      40 | 100.0 |       0 |      18 | 100.0
            +---------+---------+-------+---------+---------+-------
